 Dungeon Crawl Stone Soup version 0.32-a0-314-g526f7d4993 (webtiles) character file.

Game seed: 9594688706253055324

378 ezpacito the Chopper (level 6, -2/46 HPs)
             Began as a Demonspawn Gladiator on Feb 15, 2024.
             Was a High Priest of Ignis.
             Slain by Edmund
             ... wielding a +6 flail of protection
              (8 damage)
             ... on level 4 of the Dungeon.
             The game lasted 00:05:18 (2746 turns).

ezpacito the Chopper (Demonspawn Gladiator)         Turns: 2746, Time: 00:05:19

Health: -2/46      AC: 18    Str: 16    XL:     6   Next: 45%
Magic:  8/8        EV:  8    Int:  8    God:    Ignis [*****.]
Gold:   150        SH:  0    Dex: 15    Spells: 7/8 levels left

rFire   + . .        a - +0 war axe
rCold   . . .        (no shield)
rNeg    . . .        g - +0 chain mail
rPois   .            c - +0 helmet
rElec   .            (no cloak)
rCorr   .            (no gloves)
SInv    .            (no boots)
Will    .....        (no amulet) Stlth
                     (no ring)
HPRegen 0.27/turn    (no ring)
MPRegen 0.11/turn

%: no passive effects
@: fiery-armoured, hasted, very quick
A: claws 1, molten scales 1, powered by pain 1, spiny 1
a: Renounce Religion, Fiery Armour, Foxfire Swarm, Rising Flame


You were on level 4 of the Dungeon.
You worshipped Ignis.
Ignis was extremely pleased with you.
You visited 1 branch of the dungeon, and saw 4 of its levels.

You collected 150 gold pieces.

Inventory:

Hand Weapons
 a - a +0 war axe (weapon)
Missiles
 d - 3 throwing nets (quivered)
 e - 5 javelins
 l - 3 poisoned darts
Armour
 c - a +0 helmet (worn)
 g - a +0 chain mail (worn)
 i - a +0 plate armour
Jewellery
 p - a ring of resist corrosion
Talismans
 k - a beast talisman
 n - a maw talisman
Wands
 f - a wand of flame (7)
Scrolls
 h - 3 scrolls of teleportation
 m - 2 scrolls of enchant armour
Potions
 b - 5 potions of curing


   Skills:
 * Level 2.6 Fighting
 * Level 4.5 Axes
 * Level 2.4 Throwing
 * Level 1.4 Armour
 + Level 3.1 Dodging
 * Level 1.2 Stealth
 * Level 1.1 Unarmed Combat
 * Level 1.8 Spellcasting
 * Level 0.9 Alchemy
 * Level 1.0 Evocations


You had 7 spell levels left.
You knew the following spells:

 Your Spells              Type           Power      Damage    Failure   Level
a - Shock                 Conj/Air       0%         1d3       99%         1

Your spell library contained the following spells:

 Spells                   Type           Power      Damage    Failure   Level
 Swiftness                Air            0%         N/A       100%        3
 Airstrike                Air            0%         2d(0-16)  100%        4


Dungeon Overview and Level Annotations

Branches:
Dungeon (4/15)
 Temple: D:4-7

Altars:
Ignis

Annotations:
D:4 Edmund


Innate Abilities, Weirdness & Mutations

You have sharp fingernails.
You are partially covered in molten scales. (AC +2)
You sometimes gain a little power by taking damage.
You are partially covered in sharp spines.


Message History

Edmund clears his throat.
Edmund hits you with a +6 flail of protection!
You hit Edmund but do no damage. Edmund completely misses you.
You slash Edmund!
Edmund is moderately wounded.
Edmund hits you with a +6 flail of protection.
The giant cockroach is struck by your spines.
You kill the giant cockroach!
You completely miss Edmund.
Edmund is moderately wounded.
Edmund hits you but does no damage.
Edmund hits you with a +6 flail of protection.
You hit Edmund but do no damage.
Edmund is moderately wounded.
Edmund hits you with a +6 flail of protection!
You slash Edmund!
Edmund is heavily wounded.
Edmund is struck by your spines. Edmund hits you but does no damage.
It was a potion of haste.
You feel yourself speed up.
Edmund hits you with a +6 flail of protection!
* * * LOW HITPOINT WARNING * * *
You hit Edmund but do no damage.
Edmund is heavily wounded.
Edmund hits you with a +6 flail of protection.
* * * LOW HITPOINT WARNING * * *
Okay, then.
A protective cloak of flame settles atop you.
Edmund hits you but does no damage.
You hit Edmund but do no damage.
Edmund is heavily wounded.
Edmund hits you with a +6 flail of protection.
* * * LOW HITPOINT WARNING * * *
Edmund is burned by your cloak of flames.
Edmund is heavily wounded.
You hit Edmund but do no damage.
Edmund is heavily wounded.
Edmund hits you with a +6 flail of protection!
You die...
Edmund says, "That'll show my brother!"
Ignis goes out, and joins you in death.

#..... ...... ..... ..
###...[ ... ##. .....#
... ..## #....# . ...
##..# #@...#...
....##...#######@.....#
. #..###.##..##.....#.#
.#
#..##...........#....
..##........##.....#
..#
..##......#.###....# #
....).....##.......#
....##..### .......#
..#.##...## #........
..#.#.....# ###..#...


You could see Edmund.

Vanquished Creatures
  An ogre (D:3)
  A centaur (D:4)
  A hound (D:4)
  Jessica (D:2)
  4 adders
  A dart slug (D:2)
  4 ribbon worms
  6 bats
  5 endoplasms
  4 giant cockroaches
  5 goblins
  7 hobgoblins
  6 jackals
  7 quokkas
  5 ball pythons
  4 frilled lizards
  3 kobolds
  3 rats
68 creatures vanquished.

Notes
Turn   | Place    | Note
-------+----------+-------------------------------------------
     0 | D:1      | ezpacito the Demonspawn Gladiator began the quest for the
                  | Orb.
     0 | D:1      | Reached XP level 1. HP: 16/16 MP: 1/1
    77 | D:1      | Gained mutation: You are partially covered in molten
                  | scales. (AC +2) [demonic ancestry]
    77 | D:1      | Reached XP level 2. HP: 21/22 MP: 2/2
   274 | D:1      | Reached skill level 3 in Axes
   536 | D:1      | Gained mutation: You have sharp fingernails. [demonic
                  | ancestry]
   536 | D:1      | Reached XP level 3. HP: 27/27 MP: 3/3
  1030 | D:2      | Reached XP level 4. HP: 32/33 MP: 4/4
  1129 | D:2      | Noticed Jessica
  1135 | D:2      | Killed Jessica
  1645 | D:2      | Reached skill level 4 in Axes
  1686 | D:2      | Gained mutation: You sometimes gain a little power by
                  | taking damage. [demonic ancestry]
  1686 | D:2      | Reached XP level 5. HP: 35/38 MP: 6/6
  1806 | D:2      | Reached skill level 1 in Armour
  1861 | D:2      | Reached skill level 1 in Stealth
  2019 | D:3      | Reached skill level 1 in Spellcasting
  2251 | D:3      | Noticed an ogre
  2258 | D:3      | Killed an ogre
  2259 | D:3      | Reached skill level 1 in Unarmed Combat
  2272 | D:3      | Gained mutation: You are partially covered in sharp spines.
                  | [demonic ancestry]
  2272 | D:3      | Reached XP level 6. HP: 46/46 MP: 7/7
  2502 | D:3      | Found a faded altar of an unknown god.
  2509 | D:3      | Prayed at the altar of an unknown god.
  2509 | D:3      | Became a worshipper of Ignis, the Dying Flame
  2538 | D:3      | Learned a level 1 spell: Shock
  2662 | D:4      | Reached skill level 1 in Evocations
  2734 | D:4      | Noticed Edmund
  2746 | D:4      | Slain by Edmund

Illustrated notes

Levels and vault maps discovered:
D:1:      roderic_chinese_lattice_arrival, layout_basic
D:2:      layout_loops_corners, uniq_jessica
D:3:      layout_rooms, dilly_ecumenical_altar_fadedgnrine
D:4:      layout_cave_pools, minmay_gold_behind_fungi, hex_tiny, uniq_edmund

Skill      XL: |  1  2  3  4  5  6 |
---------------+-------------------+-----
Axes           | 3 4 |  4.5
Throwing       | 2 |  2.4
Armour         | 1 |  1.4
Stealth        | 1 |  1.2
Dodging        | 3 |  3.1
Spellcasting   | 1 |  1.8
Unarmed Combat | 1 |  1.1
Evocations     | 1 |  1.0
Fighting       | |  2.6
Alchemy        | |  0.9

Action                     |  1- 3 |  4- 6 || total
---------------------------+-------+-------++-------
  Melee: War axe           |   119 |   115 ||   234
         Staff             |     2 |       ||     2
 Invoke: Fiery Armour      |       |     1 ||     1
    Use: Scroll            |     2 |     4 ||     6
         Potion            |       |     2 ||     2
 Armour: Leather armour    |     3 |       ||     3
         Chain mail        |   107 |   111 ||   218
  Dodge: Dodged            |    51 |    59 ||   110

Table legend: (Time is in decaauts)
 A = Elapsed time spent in this place.
 B = Non-inter-level travel time spent in this place.
 C = Inter-level travel time spent in this place.
 D = Time resting spent in this place.
 E = Time spent auto-exploring this place.
 F = Levels seen in this place.
 G = Mean time per level.
                   A        B        C        D        E       F      G
               +--------+--------+--------+--------+--------+-----+--------+
         Total |   2819 |   2745 |     74 |      0 |   2112 |   4 |  704.8 |
       Dungeon |   2819 |   2745 |     74 |      0 |   2112 |   4 |  704.8 |
               +--------+--------+--------+--------+--------+-----+--------+

Top non-repeatable levels by time:
     D:2: 1076 daAuts
     D:1: 912 daAuts
     D:3: 733 daAuts
     D:4: 98 daAuts
